| TOP OF THE 1ST |
|
Lakewood BlueClaws batting - Pitching for Wisconsin Timber Rattlers : RHP Zach Green
|
|
Pitching: RHP Zach Green
|
|
|
Batting: LHB Matt Urbanek
|
0-0: Ball 1-0: Called Strike 1-1: Ball 2-1: Foul Ball, location: 2F 2-2: Foul Ball, location: 2F 2-2: Ball 3-2: Foul Ball, location: 2F 3-2: Strikes out looking
|
|
Batting: SHB Steve DeRienzo
|
0-0: Ball 1-0: SINGLE (Flyball, 6D, EV 96.9 MPH)
|
|
Batting: LHB Josh George
|
0-0: Foul Ball, location: 2F 0-1: Ball 1-1: Called Strike 1-2: 2-RUN HOME RUN (Flyball, 9D, EV 100.6 MPH), Distance : 393 ft
|
|
Batting: RHB Mike Maserang
|
0-0: Ball 1-0: Ball 2-0: Called Strike 2-1: Called Strike 2-2: Foul Ball, location: 2F 2-2: Ball 3-2: SINGLE (Groundball, 6MD, EV 105.6 MPH)
|
|
Batting: RHB Kyle Reilly
|
0-0: Ball 1-0: Called Strike 1-1: Ball 2-1: Grounds into double play, 1-4-3 (Groundball, P, EV 72.5 MPH)
|
| Top of the 1st over - 2 runs, 3 hits, 0 errors, 0 left on base; Lakewood 2 - Wisconsin 0 |
| BOTTOM OF THE 1ST |
|
Wisconsin Timber Rattlers batting - Pitching for Lakewood BlueClaws : RHP Shamar Hansford
|
|
Pitching: RHP Shamar Hansford
|
|
|
Batting: RHB Chris Maul
|
0-0: SINGLE (Line Drive, 9LM, EV 103.8 MPH)
|
|
Batting: RHB Jeremy Harden
|
0-0: Ball 1-0: Called Strike 1-1: Foul Ball, location: 2F 1-2: Ball 2-2: Foul Ball, location: 2F 2-2: SINGLE (Groundball, 56, EV 104.4 MPH) (infield hit) Chris Maul to second
|
|
Batting: RHB Tristan Smeets
|
0-0: Swinging Strike 0-1: SINGLE (Line Drive, 34, EV 94.4 MPH) Chris Maul to third Jeremy Harden to second
|
|
Batting: LHB Mark Backstrom
|
0-0: Called Strike 0-1: Ball Passed Ball! Chris Maul scores Jeremy Harden to third Tristan Smeets to second 1-1: Ball 2-1: Ball 3-1: Called Strike 3-2: Base on Balls
|
|
Batting: RHB Alfredo Sena
|
0-0: Ball 1-0: DOUBLE (Line Drive, 9LS, EV 100.6 MPH) Jeremy Harden scores Tristan Smeets scores Mark Backstrom to third Runner from 3rd tries for Home, throw by RF and OUT! 9-2
|
|
Batting: RHB Ryan Miller
|
0-0: Called Strike 0-1: Swinging Strike 0-2: Ball 1-2: Ball 2-2: Ball 3-2: Strikes out swinging
|
|
Batting: RHB Victor Alarcon
|
0-0: Ball 1-0: Foul Ball, location: 2F 1-1: Foul Ball, location: 2F 1-2: SINGLE (Groundball, 6MD, EV 99.4 MPH) Alfredo Sena to third
|
|
Batting: SHB Robert Sayer
|
0-0: Foul Ball, location: 2F 0-1: Foul Ball, location: 2F 0-2: Ball 1-2: SINGLE (Line Drive, 8RS, EV 92.5 MPH) Alfredo Sena scores Victor Alarcon to second
|
|
Batting: RHB Michael Dickerson
|
0-0: Ground out 1-3 (Groundball, 34S, EV 70.0 MPH)
|
| Bottom of the 1st over - 4 runs, 6 hits, 0 errors, 2 left on base; Lakewood 2 - Wisconsin 4 |
| TOP OF THE 2ND |
|
Lakewood BlueClaws batting - Pitching for Wisconsin Timber Rattlers : RHP Zach Green
|
|
Batting: LHB Eric Farren
|
0-0: Ball 1-0: Ball 2-0: SINGLE (Groundball, 4MD, EV 98.8 MPH)
|
|
Batting: RHB Juan Valadez
|
0-0: Called Strike 0-1: Called Strike 0-2: Ball 1-2: Strikes out swinging
|
|
Batting: RHB Trent Hedrick
|
0-0: Foul Ball, location: 2F 0-1: Swinging Strike 0-2: Ball 1-2: Ball 2-2: Ball 3-2: Foul Ball, location: 2F 3-2: Foul Ball, location: 2F 3-2: Fly out, F8 (Flyball, 89M, EV 81.9 MPH)
|
|
Batting: RHB Danny Habermehl
|
0-0: Ball 1-0: Ball 2-0: Called Strike 2-1: Ball 3-1: Foul Ball, location: 2F 3-2: Foul Ball, location: 2F 3-2: Strikes out swinging
|
| Top of the 2nd over - 0 runs, 1 hit, 0 errors, 1 left on base; Lakewood 2 - Wisconsin 4 |
| BOTTOM OF THE 2ND |
|
Wisconsin Timber Rattlers batting - Pitching for Lakewood BlueClaws : RHP Shamar Hansford
|
|
Batting: RHB Chris Maul
|
0-0: Ball 1-0: Ball 2-0: Called Strike 2-1: Ball 3-1: Base on Balls
|
|
Batting: RHB Jeremy Harden
|
0-0: Ball Chris Maul steals 2nd base 1-0: Ground out 5-3 (Groundball, 5, EV 85.0 MPH)
|
|
Batting: RHB Tristan Smeets
|
0-0: Ball 1-0: Foul Ball, location: 2F 1-1: Fly out, F8 (Flyball, 8LD, EV 99.4 MPH)
|
|
Batting: LHB Mark Backstrom
|
0-0: Called Strike 0-1: Ball 1-1: Called Strike 1-2: Ball 2-2: Foul Ball, location: 2F 2-2: Ball 3-2: Foul Ball, location: 2F 3-2: 2-RUN HOME RUN (Flyball, 89XD, EV 110.0 MPH), Distance : 422 ft
|
|
Pitching: RHP Jeff van Schaik
|
|
|
Batting: RHB Alfredo Sena
|
0-0: Foul Ball, location: 2F 0-1: Swinging Strike 0-2: Strikes out looking
|
| Bottom of the 2nd over - 2 runs, 1 hit, 0 errors, 0 left on base; Lakewood 2 - Wisconsin 6 |
| TOP OF THE 3RD |
|
Lakewood BlueClaws batting - Pitching for Wisconsin Timber Rattlers : RHP Zach Green
|
|
Batting: LHB Matt Urbanek
|
0-0: Ball 1-0: Foul Ball, location: 2F 1-1: Ball 2-1: Ground out 5-3 (Groundball, 56, EV 81.2 MPH)
|
|
Batting: SHB Steve DeRienzo
|
0-0: Ball 1-0: Foul Ball, location: 2F 1-1: Swinging Strike 1-2: Foul Ball, location: 2F 1-2: Foul Ball, location: 2F 1-2: Ball 2-2: Foul Ball, location: 2F 2-2: Foul Ball, location: 2F 2-2: Ball 3-2: Base on Balls
|
|
Batting: LHB Josh George
|
0-0: Ball 1-0: Ball 2-0: SINGLE (Flyball, 8LS, EV 85.0 MPH) Steve DeRienzo to second Runner from 2nd tries for 3rd, SAFE, throw by CF made to third
|
|
Batting: RHB Mike Maserang
|
0-0: Ball 1-0: Ball Josh George steals 2nd base 2-0: Called Strike 2-1: Called Strike 2-2: DOUBLE (Flyball, 89XD, EV 95.0 MPH) Steve DeRienzo scores Josh George scores
|
|
Batting: RHB Kyle Reilly
|
0-0: Foul Ball, location: 2F 0-1: Ball 1-1: SINGLE (Groundball, 6MD, EV 107.5 MPH) Mike Maserang to third
|
|
Batting: LHB Eric Farren
|
0-0: Called Strike 0-1: SINGLE (Groundball, 4MS, EV 66.9 MPH) (infield hit) Mike Maserang scores Kyle Reilly to second
|
|
Pitching: LHP Juan Gonzalez
|
|
|
Batting: RHB Juan Valadez
|
0-0: Called Strike 0-1: Ball 1-1: Fielders Choice at 2nd, 5-4 (Groundball, 56S, EV 84.4 MPH) Kyle Reilly to third
|
|
Batting: RHB Trent Hedrick
|
0-0: Ball 1-0: SINGLE (Groundball, 6D, EV 98.8 MPH) Kyle Reilly scores Juan Valadez to second
|
|
Batting: RHB Danny Habermehl
|
0-0: Called Strike 0-1: Ball Wild Pitch! Juan Valadez to third Trent Hedrick to second 1-1: Ball 2-1: Ball 3-1: Ground out 5-3 (Groundball, 56, EV 81.2 MPH)
|
| Top of the 3rd over - 4 runs, 5 hits, 0 errors, 2 left on base; Lakewood 6 - Wisconsin 6 |
| BOTTOM OF THE 3RD |
|
Wisconsin Timber Rattlers batting - Pitching for Lakewood BlueClaws : RHP Jeff van Schaik
|
|
Batting: RHB Ryan Miller
|
0-0: Called Strike 0-1: Swinging Strike 0-2: Strikes out swinging passed ball, reaches first!
|
|
Batting: RHB Victor Alarcon
|
0-0: Ball 1-0: Called Strike 1-1: Called Strike 1-2: Foul Ball, location: 2F 1-2: Ball Wild Pitch! Ryan Miller to second 2-2: Foul Ball, location: 2F 2-2: Strikes out swinging
|
|
Batting: SHB Robert Sayer
|
0-0: Called Strike 0-1: Ball 1-1: Swinging Strike 1-2: Ball 2-2: Foul Ball, location: 2F 2-2: Foul Ball, location: 2F 2-2: Strikes out swinging
|
|
Batting: RHB Michael Dickerson
|
0-0: Ball 1-0: Fly out, F3 (Popup, 3, EV 71.9 MPH)
|
| Bottom of the 3rd over - 0 runs, 0 hits, 0 errors, 1 left on base; Lakewood 6 - Wisconsin 6 |
| TOP OF THE 4TH |
|
Lakewood BlueClaws batting - Pitching for Wisconsin Timber Rattlers : LHP Juan Gonzalez
|
|
Batting: LHB Matt Urbanek
|
0-0: Swinging Strike 0-1: Swinging Strike 0-2: Strikes out swinging
|
|
Batting: SHB Steve DeRienzo
|
0-0: Called Strike 0-1: Ball 1-1: Ground out 1-3 (Groundball, 15S, EV 64.4 MPH)
|
|
Batting: LHB Josh George
|
0-0: Ball 1-0: Ball 2-0: Ball 3-0: Called Strike 3-1: Called Strike 3-2: Strikes out swinging
|
| Top of the 4th over - 0 runs, 0 hits, 0 errors, 0 left on base; Lakewood 6 - Wisconsin 6 |
| BOTTOM OF THE 4TH |
|
Wisconsin Timber Rattlers batting - Pitching for Lakewood BlueClaws : RHP Jeff van Schaik
|
|
Batting: RHB Chris Maul
|
0-0: Foul Ball, location: 2F 0-1: Ball 1-1: DOUBLE (Line Drive, 89D, EV 101.2 MPH)
|
|
Batting: RHB Jeremy Harden
|
0-0: Ball 1-0: Called Strike 1-1: Swinging Strike 1-2: Ball 2-2: Foul Ball, location: 2F 2-2: Fly out, F7 (Flyball, 7LS, EV 87.5 MPH)
|
|
Batting: RHB Tristan Smeets
|
0-0: Swinging Strike 0-1: Foul Ball, location: 2F 0-2: Ball 1-2: Ball 2-2: Fly out, F8 (Flyball, 8LD, EV 96.9 MPH)
|
|
Batting: LHB Mark Backstrom
|
0-0: Ball 1-0: Called Strike 1-1: Ball 2-1: Ground out 4-3 (Groundball, 4, EV 85.6 MPH)
|
| Bottom of the 4th over - 0 runs, 1 hit, 0 errors, 1 left on base; Lakewood 6 - Wisconsin 6 |
| TOP OF THE 5TH |
|
Lakewood BlueClaws batting - Pitching for Wisconsin Timber Rattlers : LHP Juan Gonzalez
|
|
Batting: RHB Mike Maserang
|
0-0: Ball 1-0: Called Strike 1-1: Ball 2-1: Ground out 6-3 (Groundball, 6, EV 104.4 MPH)
|
|
Batting: RHB Kyle Reilly
|
0-0: Ball 1-0: Foul Ball, location: 2F 1-1: Foul Ball, location: 2F 1-2: Foul Ball, location: 2F 1-2: Ball 2-2: Strikes out swinging
|
|
Batting: LHB Eric Farren
|
0-0: Ball 1-0: Ground out U3 (Groundball, 34S, EV 78.8 MPH)
|
| Top of the 5th over - 0 runs, 0 hits, 0 errors, 0 left on base; Lakewood 6 - Wisconsin 6 |
| BOTTOM OF THE 5TH |
|
Wisconsin Timber Rattlers batting - Pitching for Lakewood BlueClaws : RHP Jeff van Schaik
|
|
Batting: RHB Alfredo Sena
|
0-0: Ground out 6-3 (Groundball, 6, EV 85.6 MPH)
|
|
Batting: RHB Ryan Miller
|
0-0: Ball 1-0: Ball 2-0: SOLO HOME RUN (Flyball, 78XD, EV 98.8 MPH), Distance : 384 ft
|
|
Batting: RHB Victor Alarcon
|
0-0: Ball 1-0: Ground out 6-3 (Groundball, 6MS, EV 70.0 MPH)
|
|
Batting: SHB Robert Sayer
|
0-0: Ball 1-0: Ball 2-0: Ball 3-0: Base on Balls
|
|
Pitching: LHP Cesar Andrade
|
|
|
Batting: RHB Michael Dickerson
|
0-0: Ball 1-0: Swinging Strike 1-1: SINGLE (Groundball, 4D, EV 98.8 MPH) Robert Sayer to second Runner from 2nd tries for 3rd, SAFE, no throw by CF
|
|
Batting: RHB Chris Maul
|
0-0: Foul Ball, location: 2F 0-1: Ball 1-1: Called Strike 1-2: Ball 2-2: Ball 3-2: Base on Balls Michael Dickerson to second
|
|
Batting: RHB Jeremy Harden
|
0-0: Called Strike 0-1: Swinging Strike 0-2: SINGLE (Flyball, 34D, EV 88.8 MPH) Robert Sayer scores Michael Dickerson to third Chris Maul to second
|
|
Batting: RHB Tristan Smeets
|
0-0: Ball 1-0: Foul Ball, location: 2F 1-1: Ball 2-1: Ball 3-1: Base on Balls Michael Dickerson scores Chris Maul to third Jeremy Harden to second
|
|
Batting: LHB Mark Backstrom
|
0-0: Fly out, F9 (Flyball, 9, EV 86.9 MPH)
|
| Bottom of the 5th over - 3 runs, 3 hits, 0 errors, 3 left on base; Lakewood 6 - Wisconsin 9 |
| TOP OF THE 6TH |
|
Lakewood BlueClaws batting - Pitching for Wisconsin Timber Rattlers : LHP Juan Gonzalez
|
|
Batting: RHB Juan Valadez
|
0-0: Called Strike 0-1: SINGLE (Line Drive, 7S, EV 99.4 MPH)
|
|
Batting: RHB Trent Hedrick
|
0-0: Ball 1-0: Ball 2-0: Ball 3-0: Base on Balls Juan Valadez to second
|
|
Pitching: RHP Ken Shear
|
|
|
Batting: RHB Danny Habermehl
|
0-0: Ball 1-0: Called Strike 1-1: Ball 2-1: Foul Ball, location: 2F 2-2: Strikes out looking
|
|
Batting: LHB Matt Urbanek
|
0-0: Ball 1-0: Fly out, F7 (Flyball, 7S, EV 90.6 MPH)
|
|
Batting: SHB Steve DeRienzo
|
0-0: Called Strike 0-1: Called Strike 0-2: Strikes out swinging
|
| Top of the 6th over - 0 runs, 1 hit, 0 errors, 2 left on base; Lakewood 6 - Wisconsin 9 |
| BOTTOM OF THE 6TH |
|
Wisconsin Timber Rattlers batting - Pitching for Lakewood BlueClaws : LHP Cesar Andrade
|
|
Batting: RHB Alfredo Sena
|
0-0: Swinging Strike 0-1: Ground out 4-3 (Groundball, 4, EV 84.4 MPH)
|
|
Batting: RHB Ryan Miller
|
0-0: Ball 1-0: Swinging Strike 1-1: SINGLE (Groundball, 34D, EV 104.4 MPH)
|
|
Batting: RHB Victor Alarcon
|
0-0: SINGLE (Line Drive, 7S, EV 103.8 MPH) Ryan Miller to second
|
|
Batting: SHB Robert Sayer
|
0-0: Ball 1-0: Called Strike 1-1: Foul Ball, location: 2F 1-2: Ball 2-2: Ball 3-2: Foul Ball, location: 2F 3-2: Base on Balls Ryan Miller to third Victor Alarcon to second
|
|
Batting: RHB Michael Dickerson
|
0-0: Ball 1-0: Called Strike 1-1: Ball 2-1: Ball 3-1: Base on Balls Ryan Miller scores Victor Alarcon to third Robert Sayer to second
|
|
Batting: RHB Chris Maul
|
0-0: Foul Ball, location: 2F 0-1: Ball 1-1: Ball 2-1: SINGLE (Groundball, 4M, EV 109.4 MPH) Victor Alarcon scores Robert Sayer to third Michael Dickerson to second
|
|
Pitching: RHP Lance Brisson
|
|
|
Batting: RHB Jeremy Harden
|
0-0: Ball Wild Pitch! Robert Sayer scores Michael Dickerson to third Chris Maul to second 1-0: Called Strike 1-1: SINGLE (Groundball, 5S, EV 70.0 MPH) (infield hit) Michael Dickerson scores Chris Maul to third
|
|
Batting: RHB Tristan Smeets
|
0-0: Called Strike 0-1: Called Strike 0-2: Ball 1-2: Fly out, F5 (Line Drive, 56, EV 68.1 MPH)
|
|
Batting: LHB Mark Backstrom
|
0-0: Ground out U3 (Groundball, 34, EV 81.9 MPH)
|
| Bottom of the 6th over - 4 runs, 4 hits, 0 errors, 2 left on base; Lakewood 6 - Wisconsin 13 |
| TOP OF THE 7TH |
|
Lakewood BlueClaws batting - Pitching for Wisconsin Timber Rattlers : RHP Ken Shear
|
|
Batting: LHB Josh George
|
0-0: Called Strike 0-1: Ball 1-1: Swinging Strike 1-2: Foul Ball, location: 2F 1-2: Ball 2-2: Ball 3-2: Ground out 4-3 (Groundball, 4, EV 82.5 MPH)
|
|
Batting: RHB Mike Maserang
|
0-0: Called Strike 0-1: Ball 1-1: Ground out 6-3 (Groundball, 4MS, EV 68.8 MPH)
|
|
Batting: RHB Kyle Reilly
|
0-0: Called Strike 0-1: Ground out 6-3 (Groundball, 6, EV 110.0 MPH)
|
| Top of the 7th over - 0 runs, 0 hits, 0 errors, 0 left on base; Lakewood 6 - Wisconsin 13 |
| BOTTOM OF THE 7TH |
|
Wisconsin Timber Rattlers batting - Pitching for Lakewood BlueClaws : RHP Lance Brisson
|
|
Pinch Hitting: LHB John Fortin
|
0-0: Ball 1-0: Called Strike 1-1: Ball 2-1: Ball 3-1: SINGLE (Groundball, 4MD, EV 101.9 MPH)
|
|
Pinch Hitting: RHB Jonathan Sarles
|
0-0: Ball 1-0: Ball 2-0: Fly out, F9 (Flyball, 9LM, EV 91.2 MPH)
|
|
Batting: RHB Victor Alarcon
|
0-0: Ball 1-0: Swinging Strike 1-1: Foul Ball, location: 2F 1-2: Ball 2-2: Foul Ball, location: 2F 2-2: Ball 3-2: Base on Balls John Fortin to second
|
|
Batting: SHB Robert Sayer
|
0-0: Called Strike 0-1: Ball 1-1: Ball 2-1: Called Strike 2-2: Ball 3-2: Foul Ball, location: 2F 3-2: Base on Balls John Fortin to third Victor Alarcon to second
|
|
Batting: RHB Michael Dickerson
|
Balk! John Fortin scores Victor Alarcon to third Robert Sayer to second 0-0: Foul Ball, location: 2F 0-1: Ball 1-1: Ball 2-1: Ground out 2-3 (Groundball, 2R, EV 66.2 MPH)
|
|
Pinch Hitting: SHB C.J. Olivares
|
0-0: Ball 1-0: Called Strike 1-1: Ball 2-1: Ball 3-1: Foul Ball, location: 2F 3-2: Ground out 6-3 (Groundball, 6, EV 105.0 MPH)
|
| Bottom of the 7th over - 1 run, 1 hit, 0 errors, 2 left on base; Lakewood 6 - Wisconsin 14 |
| TOP OF THE 8TH |
|
Lakewood BlueClaws batting - Pitching for Wisconsin Timber Rattlers : RHP Ken Shear
|
|
Now at 2B: C.J. Olivares
|
|
|
Now at 3B: Jonathan Sarles
|
|
|
Now in LF: John Fortin
|
|
|
Now in CF: Jeremy Harden
|
|
|
Batting: LHB Eric Farren
|
0-0: Ball 1-0: Ball 2-0: Foul Ball, location: 2F 2-1: Ball 3-1: Foul Ball, location: 2F 3-2: Strikes out swinging
|
|
Batting: RHB Juan Valadez
|
0-0: Foul Ball, location: 2F 0-1: Foul Ball, location: 2F 0-2: Hit by Pitch
|
|
Batting: RHB Trent Hedrick
|
0-0: Swinging Strike 0-1: Ball 1-1: Called Strike 1-2: Ball 2-2: Strikes out looking
|
|
Batting: RHB Danny Habermehl
|
0-0: Called Strike 0-1: Ball 1-1: Called Strike 1-2: Strikes out swinging
|
| Top of the 8th over - 0 runs, 0 hits, 0 errors, 1 left on base; Lakewood 6 - Wisconsin 14 |
| BOTTOM OF THE 8TH |
|
Wisconsin Timber Rattlers batting - Pitching for Lakewood BlueClaws : RHP Lance Brisson
|
|
Pitching: RHP Ron Knowles
|
|
|
Batting: RHB Jeremy Harden
|
0-0: Ball 1-0: Ball 2-0: Ball 3-0: Called Strike 3-1: Base on Balls
|
|
Batting: RHB Tristan Smeets
|
0-0: Ball 1-0: Ball 2-0: Foul Ball, location: 2F 2-1: Foul Ball, location: 2F 2-2: Foul Ball, location: 2F 2-2: Foul Ball, location: 2F 2-2: Ball 3-2: Strikes out looking
|
|
Batting: LHB Mark Backstrom
|
0-0: Ball 1-0: Ball 2-0: Ball 3-0: Called Strike 3-1: Base on Balls Jeremy Harden to second
|
|
Batting: LHB John Fortin
|
0-0: Ball 1-0: Ball 2-0: Called Strike 2-1: Ball 3-1: Base on Balls Jeremy Harden to third Mark Backstrom to second
|
|
Batting: RHB Jonathan Sarles
|
0-0: Called Strike 0-1: Foul Ball, location: 2F 0-2: Foul Ball, location: 2F 0-2: Strikes out swinging
|
|
Batting: RHB Victor Alarcon
|
0-0: Foul Ball, location: 2F 0-1: SINGLE (Groundball, 6D, EV 97.5 MPH) Jeremy Harden scores Mark Backstrom to third John Fortin to second Runner from 3rd tries for Home, throw by LF and OUT! 7-2
|
| Bottom of the 8th over - 1 run, 1 hit, 0 errors, 2 left on base; Lakewood 6 - Wisconsin 15 |
| TOP OF THE 9TH |
|
Lakewood BlueClaws batting - Pitching for Wisconsin Timber Rattlers : RHP Ken Shear
|
|
Batting: LHB Matt Urbanek
|
0-0: Foul Ball, location: 2F 0-1: Fly out, F8 (Flyball, 8RM, EV 90.6 MPH)
|
|
Pitching: RHP Ernie Borden
|
|
|
Batting: SHB Steve DeRienzo
|
0-0: Foul Ball, location: 2F 0-1: Swinging Strike 0-2: Ball 1-2: Strikes out looking
|
|
Batting: LHB Josh George
|
0-0: Called Strike 0-1: Ball 1-1: SINGLE (Groundball, 4MD, EV 96.2 MPH)
|
|
Batting: RHB Mike Maserang
|
0-0: Ball 1-0: Foul Ball, location: 2F 1-1: Ball 2-1: Called Strike 2-2: Ball 3-2: Base on Balls Josh George to second
|
|
Batting: RHB Kyle Reilly
|
0-0: Called Strike 0-1: Ground out 5-3 (Groundball, 56S, EV 73.8 MPH)
|
| Top of the 9th over - 0 runs, 1 hit, 0 errors, 2 left on base; Lakewood 6 - Wisconsin 15 |
|